 Dungeon Crawl Stone Soup version 0.27.1-33-g824d729ab1 (webtiles) character file.

Game seed: 641535000318471830

452 zeram the Chopper (level 7, -2/61 HPs)
             Began as a Hill Orc Fighter on Dec 2, 2021.
             Was an Initiate of Gozag.
             Slain by a gnoll (12 damage)
             ... on level 4 of the Dungeon.
             The game lasted 00:03:20 (3479 turns).

zeram the Chopper (Hill Orc Fighter)                Turns: 3479, Time: 00:03:21

Health: -2/61      AC:  7    Str: 21    XL:     7   Next: 5%
Magic:  7/7        EV:  7    Int:  8    God:    Gozag
Gold:   342        SH: 10    Dex: 16    Spells: 6/6 levels left

rFire    . . .     SeeInvis .   a - +0 war axe
rCold    . . .     Faith    .   c - +0 kite shield
rNeg     . . .     Spirit   .   b - +0 scale mail
rPois    .         Reflect  .   (no helmet)
rElec    .         Harm     .   (no cloak)
rCorr    .         Rampage  .   (no gloves)
Will     .....                  (no boots)
Stlth    ..........             (no amulet)
HPRegen  0.20/turn              f - +6 ring of dexterity
MPRegen  0.10/turn              (no ring)

@: gold aura
A: no striking features
a: Renounce Religion, Potion Petition, Call Merchant, Bribe Branch


You were on level 4 of the Dungeon.
You worshipped Gozag.
Gozag was aware of your devotion.
You visited 1 branch of the dungeon, and saw 4 of its levels.

You collected 373 gold pieces.
You paid 31 gold pieces to Gozag.

Inventory:

Hand Weapons
 a - a +0 war axe (weapon)
 r - the +0 mace of Diet Blood {venom, Will+ rCorr Str-4}
   (You found it on level 4 of the Dungeon)

   It poisons the flesh of those it strikes.
   Str:       It affects your strength (-4).
   rCorr:     It protects you from acid and corrosion.
   Will:      It increases your willpower.
Armour
 b - a +0 scale mail (worn)
 c - a +0 kite shield (worn)
Jewellery
 f - a +6 ring of dexterity (left hand)
 n - a ring of wizardry
Scrolls
 g - 4 scrolls of identify {unknown}
 i - a scroll of noise {unknown}
 j - a scroll of magic mapping {unknown}
 k - a scroll of amnesia {unknown}
 m - a scroll of torment {unknown}
 o - a scroll of enchant armour {unknown}
Potions
 d - 2 potions of might
 e - 2 potions of curing {unknown}
 h - 2 potions of haste {unknown}
 l - a potion of heal wounds {unknown}
 p - a potion of flight {unknown}
 q - a potion of lignification {unknown}


   Skills:
 + Level 5.0 Fighting
 + Level 7.1 Axes
 + Level 4.4 Armour
 + Level 4.5 Shields


You had 6 spell levels left.
You didn't know any spells.
Your spell library was empty.

Dungeon Overview and Level Annotations

Branches:
Dungeon (4/15)
 Temple: D:4-7

Altars:
Fedhas
Gozag

Annotations:
D:4 1 runed translucent door, Crazy Yiuf


Message History

The gnoll barely misses you. The giant cockroach barely misses you.
The gnoll hits you but does no damage.
You hit the gnoll.
The gnoll is almost dead.
You hit the gnoll. You slash the giant cockroach!
You kill the giant cockroach!
You hit the wyvern. You block the wyvern's attack.
You block the gnoll's attack.
The wyvern bites you but does no damage.
The gnoll hits you but does no damage. The gnoll hits you with a +0 club.
The gnoll hits you from afar with a +0 halberd!
You slash the gnoll!
You kill the gnoll!
You hit the wyvern. You hit the gnoll but do no damage.
The wyvern barely misses you. You block the gnoll's attack.
The wyvern bites you!
The gnoll hits you but does no damage. x2
Unknown command.
You are too injured to fight recklessly!
Unknown command.
You are too injured to fight recklessly!
Unknown command.
You hit the wyvern but do no damage.
The wyvern is moderately wounded.
You slash the gnoll!
You kill the gnoll!
The wyvern bites you but does no damage.
The wyvern bites you.
* * * LOW HITPOINT WARNING * * *
You block the gnoll's attack.
You barely miss the wyvern.
The wyvern is moderately wounded.
The wyvern bites you.
* * * LOW HITPOINT WARNING * * *
The gnoll hits you from afar with a +0 halberd.
* * * LOW HITPOINT WARNING * * *
The wyvern bites you.
* * * LOW HITPOINT WARNING * * *
The gnoll hits you from afar with a +0 halberd!
You die...
Your body crumbles into a pile of gold.

# # ........## #
#..... ... #
#.......# # #.......
########
######...#.####
..<.....
.......g.......
........
#...$$$......
######## #l@####### #
#......... #
#..####### # #..#
###############..####
...........(........#
###.###############.#
#.# .. #.# #


You could see a wyvern and a gnoll.

Vanquished Creatures
  Menkaure (D:4)
  A scorpion (D:4)
  An orc priest (D:3)
  A centaur skeleton (D:4)
  2 hounds (D:4)
  An orc wizard (D:4)
  2 gnolls (D:4)
  2 adders (D:3)
  3 dart slugs
  14 orcs
  4 endoplasms
  2 giant cockroaches
  8 goblins
  6 hobgoblins
  2 jackals (D:1)
  5 kobolds
  A quokka (D:2)
  7 ball pythons
  4 bats
  3 frilled lizards
  6 rats
76 creatures vanquished.

Vanquished Creatures (others)
  8 fungi (D:3)
  7 plants (D:3)
15 creatures vanquished.

Grand Total: 91 creatures vanquished

Notes
Turn   | Place    | Note
-------+----------+-------------------------------------------
     0 | D:1      | zeram the Hill Orc Fighter began the quest for the Orb.
     0 | D:1      | Reached XP level 1. HP: 19/19 MP: 1/1
   261 | D:1      | Reached XP level 2. HP: 27/27 MP: 2/2
   302 | D:1      | Reached skill level 3 in Axes
   663 | D:1      | Reached XP level 3. HP: 33/33 MP: 3/3
  1774 | D:3      | Found an opulent altar of Gozag.
  1782 | D:3      | Became a worshipper of Gozag Ym Sagoz the Greedy
  1817 | D:3      | Reached skill level 4 in Axes
  1836 | D:3      | Reached XP level 4. HP: 31/40 MP: 4/4
  2116 | D:3      | Found a faded altar of an unknown god.
  2298 | D:3      | Reached XP level 5. HP: 44/46 MP: 5/5
  2433 | D:3      | Found a blossoming altar of Fedhas.
  2457 | D:3      | Reached skill level 5 in Axes
  2839 | D:4      | Reached skill level 6 in Axes
  2839 | D:4      | Reached XP level 6. HP: 30/53 MP: 6/6
  3062 | D:4      | Noticed Menkaure
  3070 | D:4      | Killed Menkaure
  3282 | D:4      | Identified the +0 mace of Diet Blood {venom, Will+ rCorr
                  | Str-4}
  3289 | D:4      | Found a runed translucent door.
  3304 | D:4      | Noticed Crazy Yiuf
  3365 | D:4      | Reached skill level 5 in Fighting
  3365 | D:4      | Reached skill level 7 in Axes
  3365 | D:4      | Reached XP level 7. HP: 54/61 MP: 7/7
  3471 | D:4      | Noticed a wyvern
  3479 | D:4      | Slain by a gnoll

Illustrated notes

Levels and vault maps discovered:
D:1:      dpeg_cavernosity, layout_basic
D:2:      layout_basic, minmay_statues_item
D:3:      layout_rooms, grunt_gozag_breadcrumbs, fedhas_altar_3,
          ebering_ecumenical_altar_webs, serial_rivers,
          chequers_serial_rivers_marsh, chequers_serial_rivers_small_b,
          chequers_serial_rivers_micro_b, chequers_serial_rivers_small_3,
          chequers_serial_rivers_small_3, chequers_serial_rivers_micro_d
D:4:      layout_loops_ring, uniq_crazy_yiuf_cottage, uniq_sigmund,
          uniq_menkaure

Skill      XL: |  1  2  3  4  5  6 |
---------------+-------------------+-----
Axes           | 3 4 6 7 |  7.1
Fighting       | 4 5 |  5.0
Armour         | 4 |  4.4
Shields        | 4 |  4.5

Action                   |  1- 3 |  4- 6 |  7- 9 || total
-------------------------+-------+-------+-------++-------
Melee: War axe           |   102 |    85 |     7 ||   194
Armor: Scale mail        |    47 |    31 |     9 ||    87
Dodge: Dodged            |    28 |    29 |     4 ||    61
Block: Kite shield       |    52 |    46 |     9 ||   107
